 Dungeon Crawl Stone Soup version 0.24.0-37-gcf1ca852f1 (webtiles) character file.

Game seed: 18155827493924656396, levelgen mode: deterministic

125852 mortelune the Scorcher (level 16, -5/92 HPs)
             Began as a Deep Elf Fire Elementalist on Dec 7, 2019.
             Was the Champion of Vehumet.
             Killed from afar by Nikola (33 damage)
             ... with a chain lightning
             ... on level 1 of the Swamp.
             The game lasted 02:13:13 (49326 turns).

mortelune the Scorcher (DEFE)                      Turns: 49326, Time: 02:13:14

Health: -5/92      AC: 16    Str:  8    XL:     16   Next: 42%
Magic:  16/36      EV: 27    Int: 35    God:    Vehumet [******]
Gold:   369        SH:  6    Dex: 21    Spells: 0/44 levels left

rFire    + . .     SeeInvis .   N - staff of energy
rCold    . . .     Gourm    .   T - +0 buckler
rNeg     + . .     Faith    .   V - +1 leather armour "Amurch" {Str+4 Int+6 Dex+3}
rPois    +         Spirit   .   z - +4 helmet of Suupe {*Slow rF+ Int+4}
rElec    .         Reflect  .   G - +1 cloak
rCorr    .         Harm     .   U - +2 pair of gloves {Dex+3}
MR       +....                  F - +0 pair of boots
Stlth    +++.......             n - amulet "Eseudghedd" {rN+ Regen+ Str-4 Stlth+}
HPRegen  0.65/turn              q - ring of poison resistance
MPRegen  0.25/turn              X - ring of Phasing {EV+8}

@: about to teleport
A: no striking features
a: Renounce Religion


You were on level 1 of the Swamp.
You worshipped Vehumet.
Vehumet was exalted by your worship.
You were not hungry.

You visited 4 branches of the dungeon, and saw 24 of its levels.
You visited 1 bazaar.
You also visited: Sewer and Ice Cave.

You collected 2677 gold pieces.
You spent 2308 gold pieces at shops.

Inventory:

Hand Weapons
 D - the +9 sword of Zonguldrok {reap}
   (You found it on level 8 of the Dungeon)

   If a monster killed with it leaves a corpse in good enough shape, the corpse
   will be animated as a zombie friendly to the killer.
 I - a +5 quarterstaff of chaos
Armour
 e - a +1 leather armour of cold resistance
 s - a +2 robe of fire resistance
 z - the +4 helmet of Suupe (worn) {*Slow rF+ Int+4}
   (You bought it in a shop on level 2 of the Orcish Mines)

   It affects your intelligence (+4).
   It protects you from fire.
   It may slow you when you take damage.
 F - a +0 pair of boots (worn)
 G - a +1 cloak (worn)
 T - a +0 buckler (worn)
 U - a +2 pair of gloves of dexterity (worn)
 V - the +1 leather armour "Amurch" (worn) {Str+4 Int+6 Dex+3}
   (You bought it in a shop in a bazaar)

   It affects your strength (+4).
   It affects your intelligence (+6).
   It affects your dexterity (+3).
Magical Staves
 N - an uncursed staff of energy (weapon)
Jewellery
 l - a +1 ring of evasion {unknown}
 n - the amulet "Eseudghedd" (around neck) {rN+ Regen+ Str-4 Stlth+}
   (You found it on level 6 of the Lair of Beasts)

   [amulet of regeneration]

   It affects your strength (-4).
   It protects you from negative energy.
   It increases your rate of regeneration.
   It makes you more stealthy.
 q - a ring of poison resistance (left hand)
 y - an uncursed ring of ice
 C - an uncursed amulet of the acrobat
 X - the ring of Phasing (right hand) {EV+8}
   (You found it in an ice cave)

   [ring of evasion]

   It affects your evasion (+8).
 Z - an uncursed ring of protection from cold
Wands
 a - a wand of polymorph (9)
 v - a wand of digging (5)
 J - a wand of enslavement (9)
 K - a wand of scattershot (5)
 Q - a wand of acid (20)
 S - a wand of clouds (5)
Scrolls
 i - 6 scrolls of teleportation
 j - 2 scrolls of amnesia
 p - 10 scrolls of remove curse
 r - a scroll of silence
 B - 5 scrolls of enchant armour
 H - 5 scrolls of fog
 L - a scroll of fear
 R - 3 scrolls of immolation
 W - 4 scrolls of identify
 Y - 2 scrolls of blinking
Potions
 b - a potion of haste
 d - 2 potions of brilliance
 f - 8 potions of flight
 h - 3 potions of magic
 k - 3 potions of agility
 m - 7 potions of curing
 o - 3 potions of mutation
 u - a potion of ambrosia
 w - 5 potions of might
 x - a potion of invisibility
 A - 4 potions of heal wounds
 M - 3 potions of lignification
 O - a potion of berserk rage
 P - a potion of cancellation
Miscellaneous
 g - a phial of floods
 t - 2 sacks of spiders
Comestibles
 c - 18 rations


   Skills:
 + Level 7.7 Fighting
 + Level 4.7 Staves
 * Level 5.4 Armour
 - Level 9.7 Dodging
 - Level 2.4 Stealth
 - Level 4.0 Shields
 + Level 14.8 Spellcasting
 + Level 15.7 Conjurations
 + Level 16.0 Fire Magic
 - Level 10.3 Air Magic


You couldn't memorise any spells.
You knew the following spells:

 Your Spells              Type           Power        Failure   Level  Hunger
a - Flame Tongue          Conj/Fire      #####        0%          1    None
b - Throw Flame           Conj/Fire      ######       0%          2    None
c - Sticky Flame          Conj/Fire      #######.     1%          4    None
d - Conjure Flame         Conj/Fire      #######.     0%          3    None
e - Fireball              Conj/Fire      #######...   1%          5    None
f - Shock                 Conj/Air       ####         0%          1    None
g - Conjure Ball Lightni  Conj/Air       #######...   1%          6    None
h - Summon Butterflies    Summ           ####....     1%          1    None
i - Ignition              Fire           #######...   5%          8    None
q - Airstrike             Air            #######...   1%          4    None
s - Force Lance           Conj/Tloc      ######..     1%          4    None
x - Bolt of Magma         Conj/Fire/Erth #######...   1%          5    None

Your spell library contained the following spells:

 Spells                   Type           Power        Failure   Level  Hunger
 Chain Lightning          Conj/Air       #######...   17%         8    None
 Fire Storm               Conj/Fire      #######...   58%         9    None
 Glaciate                 Conj/Ice       ######....   100%        9    None
 Sandblast                Erth           ####..       1%          1    None
 Inner Flame              Hex/Fire       ######..     1%          3    None
 Static Discharge         Conj/Air       #######.     1%          3    None
 Stone Arrow              Conj/Erth      ######       1%          3    None
 Lightning Bolt           Conj/Air       #######...   1%          5    None
 Call Imp                 Summ           ####....     3%          2    None
 Passwall                 Tmut/Erth      ####....     3%          2    None
 Call Canine Familiar     Summ           ####....     6%          3    None
 Recall                   Summ/Tloc      N/A          6%          3    None
 Lee's Rapid Deconstruct  Erth           ####......   16%         5    None
 Passage of Golubria      Tloc           N/A          21%         4    None
 Petrify                  Tmut/Erth      ####....     21%         4    None
 Summon Ice Beast         Ice/Summ       ####....     21%         4    None
 Aura of Abjuration       Summ           ####......   50%         5    None
 Summon Demon             Summ           ####......   50%         5    None
 Summon Forest            Summ/Tloc      ####......   50%         5    None
 Summon Mana Viper        Hex/Summ       ####....     50%         5    None
 Shadow Creatures         Summ           N/A          97%         6    None
 Tornado                  Air            #######...   99%         9    None
 Summon Hydra             Summ           ####......   100%        7    None
 Shatter                  Erth           ####......   100%        9    None


Dungeon Overview and Level Annotations

Branches:
Dungeon (15/15)            Temple (0/1) D:4            Lair (6/6) D:8
  Swamp (1/4) Lair:3       Spider (0/4) Lair:2        Slime (0/5) Lair:6
    Orc (2/2) D:12            Elf (0/3) Orc:2        Vaults (0/5) D:14
 Depths (0/5) D:15          Sewer (visited)           IceCv (visited)

Altars:
Cheibriados
Dithmenos
Gozag
Hepliaklqana
Kikubaaqudgha
Makhleb
Okawaru
Qazlal
Ru
Sif Muna
Trog
Uskayaw
Vehumet
Wu Jian
Xom
Yredelemnul
Zin
Beogh

Shops:
Orc:2 [*:*

Annotations:
Swamp:1 Nikola


Message History

The five-headed hydra burns!
You kill the five-headed hydra!
Vehumet accepts your kill.
You feel your power returning.
You start resting.
Nikola the Mad Inventor comes into view.
He is wielding a +2 rapier of electrocution and wearing a +0 cloak of poison resistance.
Nikola is nearby!
Nikola is nearby!
You see here a ration.
As you read the scroll of teleportation, it crumbles to dust.
You feel strangely unstable.
Nikola casts a spell.
Nikola blinks!
Nikola asks, "Are you insulated?"
Nikola casts a spell.
You hear a mighty clap of thunder!
The lightning arc hits you!!
The lightning arc hits Nikola!
The lightning arc hits you!
The lightning arc hits Nikola.
The lightning arc hits you!!
You die...

♣ ♣♣
.♣♣♣.♣♣♣♣
♣♣.♣.♣♣.≈♣ ♣♣
♣...♣ ≈.≈♣♣
♣.♣
♣.♣♣♣..≈.♣
♣.♣♣♣≈♣[...♣
♣♣.♣.♣.♣..≈♣
§♣≈.....@≈.♣
..≈....≈.≈.♣
..≈..≈.@.≈!♣♣
.....≈≈.%♣♣♣
........♣♣
.♣♣♣§♣.♣ ♣♣♣♣


You could see Nikola.

Vanquished Creatures
  A frost giant (IceCv)
  An orc warlord (Orc:2)
  Louise (D:15)
  A dire elephant (D:15)
  2 ettins
  5 vault guards (D:14)
  10 hydras
  An anaconda (Lair:6)
  A death knight (D:14)
  A shambling mangrove (Lair:3)
  2 ogre magi
  2 alligators (Swamp:1)
  2 centaur warriors (D:15)
  3 catoblepae
  5 death yaks
  2 tengu warriors (D:14)
  2 two-headed ogres
  5 orc high priests
  A spriggan (Swamp:1)
  Nergalle (Lair:2)
  A deep elf knight (D:14)
  9 skeletal warriors
  An unseen horror (D:14)
  A phantasmal warrior (D:15)
  2 swamp dragons (Swamp:1)
  2 deep elf magi (D:15)
  7 cyclopes
  An oklob plant (Lair:4)
  4 orc knights
  2 wolf spiders
  6 orc sorcerers
  2 manticores (D:15)
  19 ugly things
  10 elephants
  An ice statue (IceCv)
  Maurice (D:8)
  3 black mambas
  8 spiny frogs
  A gargoyle (D:14)
  A kobold demonologist (D:12)
  An efreet (D:15)
  8 komodo dragons
  A freezing wraith (D:15)
  A rime drake (Lair:2)
  2 tengu conjurers (D:12)
  A harpy skeleton (D:15)
  13 polar bears
  10 trolls
  2 hornets
  Prince Ribbit (D:7)
  2 tyrant leeches
  8 dream sheep (Lair:6)
  15 blink frogs
  8 hippogriffs
  7 slime creatures
  7 bog bodies
  A vampire (D:12)
  4 wraiths
  2 shadows
  5 wyverns
  94 yaks
  Sigmund (D:5)
  2 basilisks
  A redback (Lair:2)
  A steam dragon (D:9)
  A human (D:9)
  2 hungry ghosts
  17 vampire mosquitoes
  6 wargs
  2 acid dragons
  2 swamp worms
  2 hell hounds (Orc:2)
  17 water moccasins
  13 porcupines
  3 black bears
  47 orc warriors
  6 ice beasts
  5 phantoms
  9 sky beasts
  2 necrophages (Swamp:1)
  19 ogres
  An eye of draining (D:12)
  14 wolves
  9 centaurs
  10 crocodiles
  12 big kobolds
  20 bullfrogs
  8 gnoll sergeants
  2 wyvern zombies
  5 scorpions
  11 killer bees
  An electric eel (Lair:3)
  A spriggan skeleton (D:14)
  8 wights
  5 crimson imps
  4 howler monkeys
  3 bullfrog zombies
  Crazy Yiuf (D:7)
  5 bullfrog skeletons
  32 orc priests
  11 centaur skeletons
  5 hounds
  2 iguanas
  4 jellies
  27 orc wizards
  9 worker ants
  A hound zombie (D:7)
  A worker ant zombie (D:5)
  A howler monkey zombie (D:6)
  Robin (D:2)
  19 gnolls
  10 adders
  4 river rats (D:6)
  3 shadow imps
  12 white imps (D:12)
  4 oozes
  4 adder skeletons
  9 worms
  A dart slug (D:3)
  2 leopard geckos
  99 orcs
  5 bat skeletons (D:5)
  7 giant cockroaches
  11 goblins
  11 hobgoblins
  11 jackals
  55 kobolds
  4 quokkas
  2 ball pythons (D:2)
  10 bats
  3 frilled lizards
  A leopard gecko skeleton (D:7)
  A quokka zombie (D:7)
  16 rats
  2 fungi
  4 plants
1006 creatures vanquished.

Vanquished Creatures (collateral kills)
  A komodo dragon (Lair:1)
  A tyrant leech (Lair:3)
  2 bullfrogs
  A fungus (D:8)
5 creatures vanquished.

Vanquished Creatures (others)
  4 polar bears (IceCv)
  2 yaks (IceCv)
  A wolf (IceCv)
  A bush (Lair:6)
  22 fungi
  18 plants
48 creatures vanquished.

Grand Total: 1059 creatures vanquished

Notes
Turn   | Place    | Note
-------+----------+-------------------------------------------
     0 | D:1      | mortelune the Deep Elf Fire Elementalist began the quest
                  | for the Orb.
     0 | D:1      | Reached XP level 1. HP: 10/10 MP: 6/6
   342 | D:1      | Reached XP level 2. HP: 15/15 MP: 5/8
   350 | D:1      | Learned a level 2 spell: Throw Flame
   840 | D:2      | Found a radiant altar of Vehumet.
   842 | D:2      | Reached XP level 3. HP: 18/19 MP: 6/9
  1090 | D:2      | Noticed Robin
  1092 | D:2      | Reached skill level 4 in Fire Magic
  2021 | D:2      | Killed Robin
  2099 | D:2      | Became a worshipper of Vehumet
  2234 | D:2      | Reached XP level 4. HP: 24/24 MP: 2/11
  2245 | D:2      | Learned a level 4 spell: Sticky Flame
  3510 | D:3      | Reached XP level 5. HP: 28/28 MP: 6/13
  3565 | D:3      | Reached * piety under Vehumet
  3565 | D:3      | Offered knowledge of Shock by Vehumet.
  3967 | D:3      | Reached skill level 5 in Fire Magic
  4219 | D:3      | Found a shadowy altar of Dithmenos.
  4545 | D:3      | Learned a level 3 spell: Conjure Flame
  4585 | D:4      | Noticed a phantom
  4596 | D:4      | Killed a phantom
  4596 | D:4      | Reached XP level 6. HP: 32/32 MP: 1/14
  5220 | D:4      | Reached skill level 5 in Spellcasting
  5223 | D:4      | Reached skill level 6 in Fire Magic
  5385 | D:4      | Found a staircase to the Ecumenical Temple.
  5460 | D:4      | Found a shimmering altar of Xom.
  5779 | D:5      | Entered Level 5 of the Dungeon
  5807 | D:5      | Reached skill level 5 in Conjurations
  5807 | D:5      | Reached XP level 7. HP: 36/36 MP: 7/16
  6135 | D:4      | Learned a level 5 spell: Fireball
  6172 | D:5      | Noticed Sigmund
  6463 | D:5      | Noticed a yak
  6464 | D:5      | Noticed a yak
  6467 | D:5      | Noticed a yak
  6505 | D:5      | Killed a yak
  6654 | D:5      | Learned a level 1 spell: Shock
  6725 | D:5      | Killed Sigmund
  6725 | D:5      | Reached skill level 7 in Fire Magic
  6737 | D:5      | Reached XP level 8. HP: 41/41 MP: 0/19
  7129 | D:5      | Reached ** piety under Vehumet
  7131 | D:5      | Offered knowledge of Sandblast by Vehumet.
  7220 | D:5      | Found an ancient bone altar of Kikubaaqudgha.
  7335 | D:5      | Found an opulent altar of Gozag.
  7396 | D:5      | Found a hazy altar of Hepliaklqana.
  7682 | D:5      | Found a glowing silver altar of Zin.
  7683 | D:5      | Found an opulent altar of Gozag.
  8330 | D:6      | Found an ornate altar of the Wu Jian Council.
  8330 | D:6      | Found a shimmering blue altar of Sif Muna.
  8340 | D:6      | Found a bloodstained altar of Trog.
  8343 | D:6      | Found a basalt altar of Yredelemnul.
  8345 | D:6      | Found a faded altar of an unknown god.
  8443 | D:6      | Found a glowing drain.
  8445 | D:6      | Offered knowledge of Ignite Poison by Vehumet.
  8457 | Sewer    | Entered a sewer
  8830 | Sewer    | Reached skill level 8 in Fire Magic
  8911 | Sewer    | Reached *** piety under Vehumet
  9084 | Sewer    | Offered knowledge of Throw Icicle by Vehumet.
  9125 | Sewer    | Learned a level 4 spell: Throw Icicle
  9378 | D:6      | Found an iron altar of Okawaru.
  9968 | D:7      | Reached XP level 9. HP: 45/45 MP: 8/22
  9969 | D:7      | Reached **** piety under Vehumet
  9969 | D:7      | Reached skill level 9 in Fire Magic
 10325 | D:7      | Found a hide-covered altar of Uskayaw.
 10609 | D:7      | Noticed Prince Ribbit
 10615 | D:7      | Killed Prince Ribbit
 10744 | D:7      | Offered knowledge of Force Lance by Vehumet.
 10929 | D:7      | Found a snail-covered altar of Cheibriados.
 11002 | D:7      | Found a runed translucent door.
 11003 | D:7      | Noticed Crazy Yiuf
 11215 | D:7      | Killed Crazy Yiuf
 11378 | D:8      | Found the +9 sword of Zonguldrok {reap}
 11392 | D:8      | Noticed Maurice
 11398 | D:8      | Paralysed by a hornet for 2 turns
 11650 | D:8      | Learned a level 4 spell: Force Lance
 11683 | D:8      | Killed Maurice
 11683 | D:8      | Reached skill level 10 in Fire Magic
 11908 | D:8      | Found a staircase to the Lair.
 11983 | D:8      | Reached skill level 10 in Conjurations
 12028 | D:8      | Reached XP level 10. HP: 28/50 MP: 22/24
 12628 | D:9      | Noticed a cyclops
 12781 | Lair:1   | Entered Level 1 of the Lair of Beasts
 12812 | Lair:1   | Noticed an eight-headed hydra
 12816 | Lair:1   | Killed an eight-headed hydra
 12816 | Lair:1   | Reached skill level 1 in Fighting
 12816 | Lair:1   | Reached skill level 11 in Fire Magic
 13536 | Lair:1   | Noticed a black mamba
 13544 | Lair:1   | Killed a black mamba
 14538 | Lair:2   | Reached XP level 11. HP: 58/58 MP: 15/26
 14645 | Lair:1   | Reached skill level 5 in Dodging
 14648 | Lair:1   | Reached skill level 12 in Fire Magic
 14831 | Lair:2   | Noticed Nergalle
 15208 | Lair:2   | Reached ***** piety under Vehumet
 15208 | Lair:2   | Offered knowledge of Airstrike by Vehumet.
 15284 | Lair:1   | Learned a level 4 spell: Airstrike
 16198 | Lair:2   | Noticed a catoblepas
 16544 | Lair:2   | Found a hole to the Spider Nest.
 16564 | Lair:2   | Killed a catoblepas
 16979 | Lair:2   | Killed Nergalle
 16979 | Lair:2   | Reached skill level 13 in Fire Magic
 17350 | Lair:2   | Reached XP level 12. HP: 66/66 MP: 17/27
 17716 | Lair:3   | Noticed an eight-headed hydra
 17722 | Lair:3   | Killed an eight-headed hydra
 17725 | Lair:3   | Noticed a death yak
 17726 | Lair:3   | Noticed a death yak
 18138 | Lair:3   | Killed a death yak
 18141 | Lair:3   | Killed a death yak
 18141 | Lair:3   | Noticed a death yak
 18306 | Lair:3   | Killed a death yak
 18764 | Lair:3   | Found a staircase to the Swamp.
 18859 | Lair:3   | Found a stormy altar of Qazlal.
 18933 | Lair:3   | Reached skill level 5 in Fighting
 19450 | Lair:3   | Reached skill level 14 in Fire Magic
 20070 | Lair:4   | Noticed a seven-headed hydra
 20085 | Lair:4   | Killed a seven-headed hydra
 22250 | Lair:5   | Reached XP level 13. HP: 62/73 MP: 8/28
 23377 | Lair:6   | Entered Level 6 of the Lair of Beasts
 23931 | Lair:6   | Reached skill level 10 in Spellcasting
 25196 | Lair:6   | Reached skill level 15 in Fire Magic
 25601 | Lair:6   | Found a staircase to the Slime Pits.
 26720 | Lair:6   | Identified Jumair's Catalogue of Creative Dislocation
 26845 | Lair:6   | Noticed a dire elephant
 26845 | Lair:6   | Noticed a dire elephant
 26859 | Lair:6   | Got a heavily runed emerald amulet
 27045 | Lair:6   | Identified the amulet "Eseudghedd" {rN+ Regen+ Str-4
                  | Stlth+} (You found it on level 6 of the Lair of Beasts)
 27400 | D:9      | Learned a level 1 spell: Summon Butterflies
 27421 | D:9      | Offered knowledge of Conjure Ball Lightning by Vehumet.
 27448 | D:9      | Reached skill level 15 in Conjurations
 28350 | D:9      | Got an encrusted helmet
 28361 | D:9      | Identified the +0 helmet of Voloubal {Stlth+} (You found it
                  | on level 9 of the Dungeon)
 28437 | D:9      | Learned a level 6 spell: Conjure Ball Lightning
 28675 | D:9      | Found a burning altar of Makhleb.
 29236 | D:10     | Entered Level 10 of the Dungeon
 29579 | D:10     | Reached skill level 1 in Air Magic
 29856 | D:10     | Reached skill level 1 in Shields
 29857 | D:10     | Offered knowledge of Venom Bolt by Vehumet.
 30837 | D:11     | Reached XP level 14. HP: 80/80 MP: 23/31
 31098 | D:11     | Found a sacrificial altar of Ru.
 32600 | D:11     | Got a warped robe
 32612 | D:11     | Identified the +2 robe "Vopudeet" {rCorr Str+2} (You found
                  | it on level 11 of the Dungeon)
 32895 | D:12     | Found a frozen archway.
 33187 | D:11     | Reached skill level 5 in Air Magic
 33375 | IceCv    | Entered an ice cave
 34434 | IceCv    | Offered knowledge of Bolt of Magma by Vehumet.
 34682 | IceCv    | Noticed a frost giant
 34706 | IceCv    | Killed a frost giant
 35090 | IceCv    | Found the ring of Phasing {EV+8}
 36936 | D:12     | Found a staircase to the Orcish Mines.
 37277 | D:12     | Learned a level 5 spell: Bolt of Magma
 37295 | Orc:1    | Entered Level 1 of the Orcish Mines
 38731 | Orc:2    | Entered Level 2 of the Orcish Mines
 38734 | Orc:2    | Reached XP level 15. HP: 68/84 MP: 22/34
 38739 | Orc:2    | Reached ****** piety under Vehumet
 38999 | Orc:2    | Offered knowledge of Poison Arrow by Vehumet.
 40099 | Orc:1    | Reached skill level 10 in Air Magic
 40845 | Orc:2    | Found a staircase to the Elven Halls.
 40918 | Orc:2    | Found a roughly hewn altar of Beogh.
 40994 | Orc:2    | Found Ratu's Assorted Antiques.
 40994 | Orc:2    | Found Hooschuy's Book Boutique.
 40995 | Orc:2    | Found Erphop's Armour Shop.
 40998 | Orc:2    | Found Qipoirra's Assorted Antiques.
 41042 | Orc:2    | Bought a scroll of fog for 66 gold pieces
 41042 | Orc:2    | Bought a scroll of teleportation for 99 gold pieces
 41074 | Orc:2    | Noticed an orc warlord
 41079 | Orc:2    | Killed an orc warlord
 41508 | Orc:2    | Bought a book of Summonings for 700 gold pieces
 41508 | Orc:2    | Bought a book of the Tempests for 700 gold pieces
 41520 | Orc:2    | Bought the +4 helmet of Suupe {*Slow rF+ Int+4} for 495
                  | gold pieces
 41877 | D:13     | Found a flickering gateway to a bazaar.
 41909 | D:13     | Offered knowledge of Bolt of Fire by Vehumet.
 42293 | D:13     | Reached skill level 1 in Staves
 42308 | Bazaar   | Entered a bazaar
 42436 | Bazaar   | Found Petsi's Gadget Emporium.
 42436 | Bazaar   | Found Viro's Antique Weapon Shoppe.
 42457 | Bazaar   | Found Voef Area's Armour Emporium.
 42472 | Bazaar   | Found Abloyt's Weapon Emporium.
 42472 | Bazaar   | Found Raagh's Assorted Antiques.
 42493 | Bazaar   | Found Wamm's General Store.
 42493 | Bazaar   | Found Wanao's Antique Armour Shoppe.
 42553 | Bazaar   | Bought a pearl-encrusted leather armour for 168 gold pieces
 42564 | Bazaar   | Identified the +1 leather armour "Amurch" {Str+4 Int+6
                  | Dex+3} (You bought it in a shop in a bazaar)
 42595 | Bazaar   | Bought a potion of heal wounds for 80 gold pieces
 42836 | D:13     | Reached skill level 1 in Armour
 42946 | D:13     | Found a runed translucent door.
 44544 | D:14     | Offered knowledge of Bolt of Cold by Vehumet.
 45821 | D:14     | Found a gate to the Vaults.
 46012 | D:15     | Entered Level 15 of the Dungeon
 46322 | D:15     | Noticed Louise
 46733 | D:15     | Reached XP level 16. HP: 51/92 MP: 13/36
 47079 | D:15     | Found a snail-covered altar of Cheibriados.
 47136 | D:15     | Killed Louise
 47258 | D:15     | Found a staircase to the Depths.
 48013 | D:15     | Learned a level 8 spell: Ignition
 48255 | Swamp:1  | Entered Level 1 of the Swamp
 48262 | Swamp:1  | Offered knowledge of Fire Storm by Vehumet.
 48262 | Swamp:1  | Offered knowledge of Glaciate by Vehumet.
 48262 | Swamp:1  | Offered knowledge of Chain Lightning by Vehumet.
 48273 | Swamp:1  | Reached skill level 5 in Armour
 49305 | Swamp:1  | Reached skill level 16 in Fire Magic
 49320 | Swamp:1  | Noticed Nikola
 49326 | Swamp:1  | Killed from afar by Nikola

Levels and vault maps discovered:
D:1:      dpeg_arrival_solitude, layout_rooms
D:2:      layout_basic, vehumet_crystals, uniq_robin
D:3:      layout_rooms, lemuel_crystal_altar
D:4:      layout_gridville, brannock_xom_greatest_gift,
          minmay_temple_entry_wispy, first_ration
D:5:      layout_layer_cave, grunt_temple_overflow_gold_and_silver,
          kennysheep_little_box, kennysheep_vampire_church, solitary_fountain,
          nicolae_gozag_seed_capital, uniq_sigmund
D:6:      layout_rooms, okawaru_altar_gauntlet_db,
          chequers_temple_overflow_minitemple, lightli_sewer_entry_pipes
D:7:      layout_loops_corners, nicolae_overflow_crystal_walls, kennysheep_mini,
          uniq_crazy_yiuf_cottage, uniq_prince_ribbit1
D:8:      layout_cave_pools, due_lair_maze_entry_diamond, uniq_maurice
D:9:      layout_long_grid, lightli_temple_of_fire, grunt_pizzeria
D:10:     layout_roguey, grunt_ministairs_6
D:11:     minmay_the_grid_triangle_9x9_recursive_2_mashed
          [minmay_the_grid_triangle_9x9_prize_schism,
          minmay_the_grid_triangle_9x9_alien,
          minmay_the_grid_triangle_9x9_zippers_vertical,
          minmay_the_grid_triangle_9x9_corruption], layout_small_grid,
          nicolae_ru_the_path_less_chosen
D:12:     layout_irregular_city, kennysheep_orc_monster_closet_entryway,
          portal_ice_cave_entry_imps, minmay_misc_feat_rows
D:13:     layout_cave_pools, serial_shops, bzr_entry_dummy, lightli_airlock
D:14:     minmay_evil_eye, layout_basic, grunt_vaults_entry_fortified,
          hangedman_tell_no_tales
D:15:     hangedman_depths_entry_try_elsewhere_first, layout_rooms,
          lemuel_tele_altar, uniq_louise
Lair:1:   layout_roguey, serial_bayou_pond_b, st_stairs_3
Lair:2:   layout_chaotic_city, spider_nest_entry_a, serial_forest,
          infiniplex_forest_split, infiniplex_forest_clump_curved,
          infiniplex_forest_clump_diagonal, infiniplex_forest_corner_1,
          infiniplex_forest_end_2, infiniplex_forest_corner_2,
          infiniplex_forest_lined_2, uniq_nergalle
Lair:3:   layout_layer_cave, minmay_swamp_entry_worms, basic_altar,
          serial_bayou_crossing
Lair:4:   layout_long_grid
Lair:5:   layout_cave_pods, grunt_megastairs_2
Lair:6:   due_jungle_book, layout_regular_city, minmay_slime_entry_pillars
Swamp:1:  layout_falls_marsh, nicolae_swamp_dense_foliage, swamp_pool3,
          hangedman_swamp_ravenous, infiniplex_staircase_pool_2, uniq_jorgrun,
          uniq_nikola
Orc:1:    layout_caves
Orc:2:    st_orc_mages, layout_caves, basic_altar, enter_volcano_3

Skill      XL: |  1  2  3  4  5  6  7  8  9 10 11 12 13 14 15 16 |
---------------+-------------------------------------------------+-----
Conjurations   | 2 3 4 5 6 8 10 11 12 14 15 | 15.7
Fire Magic     | 4 5 6 7 8 10 11 13 14 15 16 | 16.0
Spellcasting   | 4 5 6 7 8 9 11 13 14 | 14.8
Fighting       | 2 4 5 6 7 |  7.7
Dodging        | 4 6 8 9 |  9.7
Air Magic      | 2 9 10 | 10.3
Shields        | 1 4 |  4.0
Staves         | 3 4 |  4.7
Armour         | 4 5 |  5.4
Stealth        | |  2.4

Action                   |  1- 3 |  4- 6 |  7- 9 | 10-12 | 13-15 | 16-18 || total
-------------------------+-------+-------+-------+-------+-------+-------++-------
Melee: Unarmed           |     2 |       |       |       |       |       ||     2
       Short sword       |    10 |       |       |       |       |       ||    10
       Whip              |     1 |    16 |     8 |       |       |       ||    25
       Double sword      |       |       |    11 |    39 |       |       ||    50
       Quarterstaff      |       |       |     2 |       |     2 |       ||     4
       Staff             |       |       |       |     2 |   134 |     2 ||   138
 Cast: Flame Tongue      |    50 |    60 |    92 |    96 |   152 |     7 ||   457
       Throw Flame       |    28 |    66 |    78 |    53 |    82 |       ||   307
       Sticky Flame      |       |     3 |    24 |    46 |   117 |    13 ||   203
       Shock             |       |       |     9 |       |       |       ||     9
       Fireball          |       |       |    23 |   116 |   585 |    85 ||   809
       Conjure Flame     |       |       |     3 |     8 |    15 |       ||    26
       Throw Icicle      |       |       |     9 |       |       |       ||     9
       Force Lance       |       |       |     2 |    17 |    12 |       ||    31
       Airstrike         |       |       |       |     8 |    32 |       ||    40
       Summon Butterflie |       |       |       |       |     4 |       ||     4
       Bolt of Magma     |       |       |       |       |    32 |    12 ||    44
       Ignition          |       |       |       |       |       |     2 ||     2
  Use: Scroll            |     3 |     5 |     9 |     8 |    20 |     3 ||    48
       Potion            |       |       |     2 |     4 |     3 |       ||     9
  Eat: Chunk             |     4 |     9 |    18 |    25 |    53 |     2 ||   111
       Ration            |       |     1 |     3 |     7 |     6 |     2 ||    19
Armor: Robe              |    10 |     7 |    20 |    29 |    60 |       ||   126
       Leather armour    |       |       |       |       |    28 |     8 ||    36
Dodge: Dodged            |    43 |    28 |    45 |   104 |   522 |    59 ||   801
Block: Buckler           |       |       |       |       |   117 |    11 ||   128
       Rpst.: Double sword |       |       |     5 |    29 |       |       ||    34
